cohdb
Replays
Latest Replays
All Replays
Popular Replays
Top Player Replays
Match Explorer
How It Works
Community
CoH3 Stats
Reddit
Sign in to upload your games and track your stats! →
Sign in with Steam
Match 47228182
Unlisted
Match 47228182
Overview
Messages
Build Orders
End
Construct Barracks
Selects Advanced Infantry Battlegroup
Riflemen Squad
Riflemen Squad
M1 Mortar Team
Grenade Package
Riflemen Squad
Selects Convert to Ranger Squad
Riflemen Squad
Infantry Support Center
Convert to Ranger Squad
Construct Weapon Support Center
Construct Motor Pool
Selects Frontline Medical Station
Frontline Medical Station
Construct Tank Depot
M1919 Machine Gun Team
Riflemen Squad
M4A1 Sherman Medium Tank
Engineer Squad
Selects Infantry Assault
Selects Artillery Observers
Infantry Assault
Selects M2A1 105mm Howitzer Emplacement
M18 Hellcat Tank Destroyer
M4(105) Sherman Bulldozer
Riflemen Squad
Infantry Assault
M4A1 Sherman Medium Tank
Riflemen Squad
Riflemen Squad
M18 Hellcat Tank Destroyer
Infantry Assault
Tigerace2018
neil911
jawocha
Stupa
Yoddha
CPU - VERY EASY
0
0
Comments
sign in to comment!
No comments posted yet!